 Dungeon Sprint DCSS version 0.30.1-11-g7821555f0a (webtiles) character file.

Game seed: 583975498496187851

17441 Groucho the Imperceptible (level 12, 62/62 HPs)
             Began as a Felid Berserker on Dec 20, 2023.
             Was a High Priest of Trog.
             Got out of the dungeon alive.
             The game lasted 00:15:18 (3578 turns).

Groucho the Imperceptible (Felid Berserker)         Turns: 3578, Time: 00:15:18

Health: 62/62      AC:  3    Str: 13    XL:     12   Next: 18%
Magic:  13/13      EV: 42    Int:  6    God:    Trog [*****.]
Gold:   1794       SH:  0    Dex: 24    Spells: 11/11 levels left
                                        Lives:  0   Deaths: 3

rFire   + .          .
                       - Unarmed
rCold   + + .        (shield unavailable)
rNeg    . . .        (body armour unavailable)
rPois   .            (helmet unavailable)
rElec   .            (cloak unavailable)
rCorr   .            (gloves unavailable)
SInv    +            (boots unavailable)
Will    +....        m - amulet of guardian spirit
Stlth   +++++++++    i - ring "Aderche" {rC+ EV+5 Dex+5}
HPRegen 0.30/turn    c - ring of protection from fire
MPRegen 0.13/turn

%: no teleportation, guardian spirit
@: quick
A: very small, claws 1, fangs 3, see invisible, speed 1, shaggy fur 3, stealthy
paws, no weapons or thrown items, no armour, multi-lived, clumsy 1,
deterioration 1, dopey 1, frail 1, sense surroundings 1, screaming 1, inability
to read after injury 1
a: Renounce Religion, Berserk, Trog's Hand, Brothers in Arms


You escaped.
You worshipped Trog.
Trog was extremely pleased with you.
You visited 1 branch You collected 3495 gold pieces.
You spent 1701 gold pieces at shops.

Inventory:

Jewellery
 c - a ring of protection from fire (right paw)
 i - the ring "Aderche" (left paw) {rC+ EV+5 Dex+5}
   (You bought it in a shop in the Dungeon)

   [ring of evasion]

   EV:        It affects your evasion (+5).
   Dex:       It affects your dexterity (+5).
   rC:        It protects you from cold.
 j - a ring of poison resistance
 l - a ring of ice
 m - an amulet of guardian spirit (around neck)
 q - a ring of resist corrosion
Wands
 g - a wand of mindburst (12)
Scrolls
 b - 3 scrolls of identify {unknown}
 k - a scroll of poison {unknown}
 n - a scroll of blinking
 o - a scroll of enchant weapon {unknown}
 r - a scroll of immolation {unknown}
 t - a scroll of fear {unknown}
 u - a scroll of magic mapping {unknown}
Potions
 a - 3 potions of curing
 d - 2 potions of magic
 e - a potion of berserk rage
 f - a potion of attraction {unknown}
 p - a potion of degeneration {unknown}
 s - a potion of brilliance {unknown}
Miscellaneous
 h - a phial of floods


   Skills:
 + Level 18.1 Fighting
 - Level 18.0 Dodging
 - Level 23.0 Stealth
 + Level 18.2 Unarmed Combat


You had 11 spell levels left.
You didn't know any spells.
Your spell library was empty.

Dungeon Overview and Level Annotations

Branches:
Dungeon (1/1)

Altars:
Cheibriados
Dithmenos
Elyvilon
Fedhas
Gozag
Hepliaklqana
Kikubaaqudgha
Makhleb
Nemelex Xobeh
Okawaru
Qazlal
Ru
Sif Muna
Trog
Uskayaw
Vehumet
Wu Jian
Xom
Yredelemnul
Zin
The Shining One
Jiyva
Lugonu

Shops:
D (***[([:((=((?:=!:[[*(


Innate Abilities, Weirdness & Mutations

You have sharp claws.
You have razor-sharp teeth.
You have supernaturally acute eyesight. (SInv)
You cover ground quickly. (Speed+)
Your thick and shaggy fur keeps you warm. (AC +3, rC+)
Your paws help you pounce on unaware monsters.
You are incapable of wielding weapons or throwing items.
You cannot wear armour.
You gain extra lives every three experience levels.
You are clumsy. (Dex -2)
Your body sometimes deteriorates upon taking damage.
You are dopey. (Int -2)
You are frail. (-10% HP)
You passively map a small area around you.
You occasionally shout uncontrollably at your foes.
You occasionally lose the ability to read scrolls when taking damage.


Message History

Your ogre hits the shining eye with a +0 giant spiked club!!
Unknown command.
You mangle the shining eye!!
You kill the shining eye!
Trog accepts your kill.
Unknown command.
No target in view!
Unknown command.
No target in view!
You open the huge gate.
Found three shops.
Found Dopny's General Store.
There is a huge open gate here.
Your ogre is no longer berserk.
There is an entrance to Dopny's General Store here.
There is an entrance to Luruyf's General Store here.
Your ogre disappears in a puff of smoke!
There is an entrance to Helack's Antique Weapon Boutique here.
There is an entrance to Diudextu's Armour Shop here.
Search for what [Enter for "muta", or ? for help]?
Okay, then.
You don't know any spells.
Unknown command.
There is a huge open gate here.
There is a huge open gate here.
There is an open door, spattered with blood here.
There is an open door here.
You see here 6 stones.
There is an open door here.
There is an open door here.
There is an open door, spattered with blood here.
There is an open door here.
Things that are here:
a +0 dagger; a +0 ring mail
There is an open door here.
There is a staircase leading out of the dungeon here.
Are you sure you want to leave the Dungeon?
This will make you lose the game!
Alright, then stay!
Are you sure you want to leave the Dungeon?
This will make you lose the game!
You have escaped!

##################
#@.#..'..#.)'..#__
#..').#..'..#..'..
#..#####'#####'#__
#.)####..#...#§###
#..#__####..##§#~§
#..#_____##'#_§'~§
#⌠⌠#_.∩...'...§#~§
####_..__##_§#§##+
, #_____###'#)#.[


There were no monsters in sight!

Vanquished Creatures
  A shadow dragon (D)
  3 fire giants (D)
  A lorocyproca (D)
  A hydra (D)
  2 centaur warriors (D)
  Sonja (D)
  A deep troll (D)
  A lindwurm (D)
  An oklob plant (D)
  6 shining eyes (D)
  2 demonic crawlers (D)
  A gargoyle (D)
  7 unseen horrors (D)
  A kobold demonologist (D)
  A hornet (D)
  Sigmund (D)
  A slime creature (D)
  A yak (D)
  13 hogs (D)
  2 redbacks (D)
  6 floating eyes (D)
  An ogre (D)
  3 necrophages (D)
  8 jellies (D)
  Ijyb (D)
67 creatures vanquished.

Vanquished Creatures (collateral kills)
  A golden dragon (D)
  A fire giant (D)
  2 shining eyes (D)
  2 demonic crawlers (D)
  A kobold demonologist (D)
  A floating eye (D)
  4 necrophages (D)
  A ballistomycete spore (D)
13 creatures vanquished.

Vanquished Creatures (others)
  A ballistomycete spore (D)
1 creature vanquished.

Grand Total: 81 creatures vanquished

Notes
Turn   | Place    | Note
-------+----------+-------------------------------------------
     0 | D        | Groucho the Felid Berserker began the quest for the Orb.
     0 | D        | Reached XP level 1. HP: 10/10 MP: 2/2
     2 | D        | Noticed Ijyb
     8 | D        | Killed Ijyb
     9 | D        | Reached skill level 8 in Stealth
     9 | D        | Reached XP level 2. HP: 14/14 MP: 3/3
    66 | D        | Noticed an ogre
    78 | D        | Killed an ogre
    79 | D        | Reached skill level 12 in Stealth
    79 | D        | Reached XP level 3. HP: 17/17 MP: 4/4
    79 | D        | Reached XP level 4. HP: 21/21 MP: 5/5
   237 | D        | Noticed Sigmund
   245 | D        | Killed Sigmund
   245 | D        | Reached ** piety under Trog
   246 | D        | Reached skill level 17 in Stealth
   246 | D        | Reached XP level 5. HP: 24/24 MP: 6/6
   246 | D        | Gained mutation: You are covered in thick fur. (AC +2)
                  | [Felid growth]
   246 | D        | Reached XP level 6. HP: 28/28 MP: 7/7
   387 | D        | Found a shimmering blue altar of Sif Muna.
   388 | D        | Found an ornate altar of the Wu Jian Council.
   389 | D        | Found a radiant altar of Vehumet.
   395 | D        | Found Nyffenk's Assorted Antiques.
   395 | D        | Found an ancient bone altar of Kikubaaqudgha.
   395 | D        | Found a hazy altar of Hepliaklqana.
   395 | D        | Found a stormy altar of Qazlal.
   395 | D        | Found a hide-covered altar of Uskayaw.
   395 | D        | Found a blossoming altar of Fedhas.
   395 | D        | Found a bloodstained altar of Trog.
   395 | D        | Found an iron altar of Okawaru.
   395 | D        | Found a basalt altar of Yredelemnul.
   395 | D        | Found a glowing golden altar of the Shining One.
   395 | D        | Found a snail-covered altar of Cheibriados.
   395 | D        | Found a sacrificial altar of Ru.
   395 | D        | Found a glowing silver altar of Zin.
   395 | D        | Found a shadowy altar of Dithmenos.
   395 | D        | Found a white marble altar of Elyvilon.
   395 | D        | Noticed a yak
   396 | D        | Found an opulent altar of Gozag.
   397 | D        | Killed a yak
   398 | D        | Reached skill level 19 in Stealth
   424 | D        | Identified the +4 flail of the Heart {pain, Int+3}
   431 | D        | Found a sparkling altar of Nemelex Xobeh.
   447 | D        | Found a burning altar of Makhleb.
   447 | D        | Found a shimmering altar of Xom.
   447 | D        | Noticed a slime creature
   448 | D        | Found a viscous altar of Jiyva.
   448 | D        | Found a corrupted altar of Lugonu.
   450 | D        | Killed a slime creature
   451 | D        | Reached skill level 21 in Stealth
   451 | D        | Reached XP level 7. HP: 31/31 MP: 8/8
   459 | D        | Noticed a centaur warrior
   459 | D        | Noticed a centaur warrior
   460 | D        | Killed a centaur warrior
   460 | D        | Reached *** piety under Trog
   461 | D        | Reached skill level 5 in Fighting
   461 | D        | Reached skill level 5 in Unarmed Combat
   461 | D        | Reached XP level 8. HP: 29/37 MP: 9/9
   469 | D        | Killed a centaur warrior
   470 | D        | Reached skill level 22 in Stealth
   518 | D        | Noticed a hornet
   522 | D        | Paralysed by a hornet for 2 turns
   528 | D        | Killed a hornet
   528 | D        | HP: 2/58 [poisoned by a hornet]
   529 | D        | Reached XP level 9. HP: 2/43 MP: 10/10
   529 | D        | Succumbed to a hornet's poison
   530 | D        | Reached XP level 8. HP: -1/60 MP: 9/9
   547 | D        | Noticed an oklob plant
   549 | D        | Killed an oklob plant
   550 | D        | Reached skill level 10 in Dodging
   560 | D        | Reached **** piety under Trog
   561 | D        | Reached skill level 23 in Stealth
   575 | D        | Noticed an unseen horror
   575 | D        | Noticed an unseen horror
   581 | D        | Killed an unseen horror
   582 | D        | Reached XP level 9. HP: 45/45 MP: 10/10
   583 | D        | Killed an unseen horror
   605 | D        | Reached ***** piety under Trog
   785 | D        | Reached skill level 10 in Unarmed Combat
   790 | D        | Identified the +3 hand axe "Byes" {venom, rN+++ Will- Dex+2
                  | Stlth+}
   799 | D        | Found Jodaeh's Book Shoppe.
   799 | D        | Found Xasteuth's Antique Armour Shop.
   799 | D        | Found Piqyreho's Weapon Boutique.
   801 | D        | Found Nuariodgh's Antique Weapon Emporium.
   801 | D        | Found Eriena's Jewellery Shop.
   801 | D        | Found Weozaed's Weapon Shoppe.
   801 | D        | Found Macsaola's Antique Weapon Boutique.
   801 | D        | Found Rueghuang's Magic Scroll Emporium.
   801 | D        | Found Naustec's Book Shop.
   801 | D        | Found Soxeop's Jewellery Shoppe.
   805 | D        | Found Oduuc's Distillery.
   806 | D        | Found Taledef's Antique Armour Emporium.
   806 | D        | Found Qudeskio's Book Boutique.
   807 | D        | Found Niyxas's General Store.
   820 | D        | Bought the ring "Aderche" {rC+ EV+5 Dex+5} for 726 gold
                  | pieces
   826 | D        | Bought a ring of poison resistance for 260 gold pieces
   866 | D        | Noticed a deep troll
   868 | D        | Killed a deep troll
   869 | D        | Reached skill level 10 in Fighting
   876 | D        | Found Uskueji's Armour Emporium.
   891 | D        | Noticed Sonja
   894 | D        | Killed Sonja
   895 | D        | Reached XP level 10. HP: 51/51 MP: 11/11
  1152 | D        | Found Oker's Antique Weapon Boutique.
  1210 | D        | Noticed a demonic crawler
  1210 | D        | Noticed a demonic crawler
  1210 | D        | Noticed a demonic crawler
  1210 | D        | Noticed a demonic crawler
  1219 | D        | Slain by a demonic crawler
  1220 | D        | Reached XP level 9. HP: 0/48 MP: 10/10
  1260 | D        | Killed a demonic crawler
  1273 | D        | Demolished by a demonic crawler
  1274 | D        | Reached XP level 8. HP: -14/45 MP: 9/9
  1291 | D        | Killed a demonic crawler
  1301 | D        | Killed a demonic crawler
  1302 | D        | Reached skill level 15 in Dodging
  1548 | D        | Killed a demonic crawler
  1549 | D        | Reached XP level 9. HP: 17/49 MP: 10/10
  1656 | D        | Noticed a lindwurm
  1658 | D        | Killed a lindwurm
  1718 | D        | Reached XP level 10. HP: 34/54 MP: 11/11
  2069 | D        | Noticed a 12-headed hydra
  2071 | D        | Killed a 12-headed hydra
  2135 | D        | Bought a ring of protection from fire for 325 gold pieces
  2135 | D        | Bought an amulet of guardian spirit for 390 gold pieces
  2450 | D        | Noticed a gargoyle
  2454 | D        | Killed a gargoyle
  2470 | D        | Noticed a lorocyproca
  2475 | D        | Killed a lorocyproca
  2475 | D        | Reached ****** piety under Trog
  2678 | D        | Noticed a shadow dragon
  2678 | D        | Noticed a golden dragon
  2683 | D        | Killed a shadow dragon
  2692 | D        | Killed a golden dragon
  2693 | D        | Reached skill level 15 in Fighting
  2693 | D        | Reached skill level 15 in Unarmed Combat
  2693 | D        | Reached XP level 11. HP: 61/61 MP: 10/12
  2779 | D        | Found Xeosma Fiex's Weapon Shoppe.
  2823 | D        | Noticed a deep elf annihilator
  2840 | D        | Noticed a daeva
  2863 | D        | Noticed a fire giant
  2866 | D        | Noticed a fire giant
  2867 | D        | Noticed a fire giant
  2868 | D        | Noticed a fire giant
  2882 | D        | Killed a fire giant
  3131 | D        | Killed a fire giant
  3260 | D        | Killed a fire giant
  3362 | D        | Killed a fire giant
  3481 | D        | Noticed a shining eye
  3481 | D        | Noticed a shining eye
  3481 | D        | Noticed a shining eye
  3481 | D        | Noticed a shining eye
  3481 | D        | Noticed a shining eye
  3481 | D        | Noticed a shining eye
  3484 | D        | Noticed a shining eye
  3484 | D        | Noticed a shining eye
  3487 | D        | Gained mutation: You are clumsy. (Dex -2) [a shining eye]
  3496 | D        | Killed a shining eye
  3496 | D        | Gained mutation: You occasionally lose the ability to read
                  | scrolls when taking damage. [a shining eye]
  3496 | D        | Gained mutation: You are frail. (-10% HP) [a shining eye]
  3497 | D        | Gained mutation: Your body sometimes deteriorates upon
                  | taking damage. [a shining eye]
  3501 | D        | Killed a shining eye
  3501 | D        | Gained mutation: You passively map a small area around you.
                  | [a shining eye]
  3502 | D        | Killed a shining eye
  3503 | D        | Gained mutation: Your thick and shaggy fur keeps you warm.
                  | (AC +3, rC+) [Felid growth]
  3503 | D        | Reached XP level 12. HP: 61/61 MP: 13/13
  3503 | D        | Gained mutation: You are dopey. (Int -2) [a shining eye]
  3505 | D        | Paralysed by a floating eye for 2 turns
  3516 | D        | Gained mutation: You occasionally shout uncontrollably at
                  | your foes. [a shining eye]
  3522 | D        | Found Diudextu's Armour Shop.
  3522 | D        | Found Luruyf's General Store.
  3522 | D        | Found Helack's Antique Weapon Boutique.
  3523 | D        | Found Dopny's General Store.
  3578 | D        | Got out of the dungeon alive.

Illustrated notes

Levels and vault maps discovered:
D:        dungeon_sprint_1 [red_sonja_temple_1, red_sonja_temple_small_1]

Skill      XL: |  1  2  3  4  5  6  7  8  9 10 11 12 |
---------------+-------------------------------------+-----
Stealth        | 8 12 17 21 23 | 23.0
Fighting       | 5 12 10 15 17 18 | 18.1
Dodging        | 7 15 16 18 | 18.0
Unarmed Combat | 5 12 10 15 17 18 | 18.2

Action                     |  1- 3 |  4- 6 |  7- 9 | 10-12 || total
---------------------------+-------+-------+-------+-------++-------
  Melee: Unarmed           |     7 |     9 |   134 |    81 ||   231
         Bite              |       |     2 |    16 |    10 ||    28
         Punch             |       |       |    12 |     9 ||    21
 Invoke: Berserk           |     2 |     1 |     6 |     5 ||    14
         Trog's Hand       |       |       |     7 |     5 ||    12
         Brothers in Arms  |       |       |     3 |    11 ||    14
    Use: Potion            |     1 |       |     1 |     1 ||     3
         Scroll            |       |       |     1 |       ||     1
   Stab: Sleeping          |     1 |     3 |    16 |    14 ||    34
         Distracted        |       |       |     1 |     2 ||     3
 Armour: Skin              |       |       |     1 |       ||     1
  Dodge: Dodged            |     2 |     2 |   227 |    84 ||   315
